 Dungeon Crawl Stone Soup version 0.20-a0-9-g62d82d9 (webtiles) character file.

27 Naow the Magician (level 2, 0/15 HPs)
             Began as a Deep Elf Fire Elementalist on Nov 1, 2016.
             Succumbed to an adder's poison
             ... on level 2 of the Dungeon.
             The game lasted 00:02:20 (1263 turns).

Naow the Magician (Deep Elf Fire Elementalist)      Turns: 1263, Time: 00:02:21

Health: 0/15       AC:  2    Str:  5    XL:     2   Next: 93%
Magic:  1/8        EV: 13    Int: 19    God:
Gold:   41         SH:  0    Dex: 15    Spells: 2 memorised, 5 levels left

rFire  . . .     SeeInvis .     n - +0 dagger
rCold  . . .     Gourm    .     a - +0 robe
rNeg   . . .     Faith    .     (no shield)
rPois  .         Spirit   .     (no helmet)
rElec  .         Reflect  .     (no cloak)
rCorr  .         Harm     .     (no gloves)
MR     .....                    (no boots)
Stlth  ++........               (no amulet)
                                (no ring)
                                (no ring)

@: lethally poisoned (0 -> -7), very slightly contaminated
A: no striking features
a: no special abilities


You were on level 2 of the Dungeon.
You were not hungry.

You visited 1 branch of the dungeon, and saw 2 of its levels.

You collected 41 gold pieces.

Inventory:

Hand Weapons
 n - a +0 dagger (weapon)
Missiles
 p - 7 poisoned needles
Armour
 a - a +0 robe (worn)
Jewellery
 q - an uncursed ring of protection from fire {unknown}
Scrolls
 f - a scroll of remove curse {unknown}
 i - 3 scrolls of fog {unknown}
 l - a scroll of identify {unknown}
 s - a scroll of teleportation {unknown}
Potions
 e - a potion of magic {unknown}
 g - a potion of flight {unknown}
 h - a potion of curing {unknown}
 j - a potion of degeneration {unknown}
 m - a potion of berserk rage {unknown}
 o - a potion of might {unknown}
Books
 b - a book of Flames

   Spells                             Type                      Level
   a - Flame Tongue                   Conjuration/Fire             1
   b - Throw Flame                    Conjuration/Fire             2
   c - Conjure Flame                  Conjuration/Fire             3
   d - Inner Flame                    Hexes/Fire                   3
   e - Sticky Flame                   Conjuration/Fire             4
   f - Fireball                       Conjuration/Fire             5
Comestibles
 c - a bread ration
 d - 5 fruits
 k - 6 chunks of flesh
 r - a royal jelly


   Skills:
 + Level 2.8 Dodging
 - Level 2.4 Stealth
 + Level 3.6 Spellcasting
 + Level 1.8 Conjurations
 + Level 3.5 Fire Magic


You had 5 spell levels left.
You knew the following spells:

 Your Spells              Type           Power        Failure   Level  Hunger
a - Flame Tongue          Conj/Fire      ##...        6%          1    None
b - Throw Flame           Conj/Fire      ##....       10%         2    ##.....


Dungeon Overview and Level Annotations

Branches:
Dungeon (2/15)

Altars:


Message History

The adder bites you.
You hit the adder.
The adder is heavily wounded.
The adder bites you.
You are poisoned.
The adder poisons you! The adder bites you.
You hit the adder but do no damage.
The adder is heavily wounded.
You feel sick. The adder bites you.
* * * LOW HITPOINT WARNING * * *
You are more poisoned.
The adder poisons you!
* * * LOW HITPOINT WARNING * * *
You feel sick.
* * * LOW HITPOINT WARNING * * *
You feel sick. The adder bites you but does no damage.
* * * LOW HITPOINT WARNING * * *
You feel sick. The adder barely misses you.
You die...

.# #.# # #........# .# #.## .#
#....###.# .# ##..######.# #.####
#.# # ##..........## #.# #.# ####
##.#...##...#.# #.# #.#
...#####...#..##..#..# #. #.#
............#....#...# #.#
....####.....#..#....# #.#
.......##.##..##@.##.###.# #.#
.......##.##..##..##..... #.#
.......##....#..#S...## #.#
.......##...#....#....# #.#
.......##..#..##..#...# #)#
..........#...##...#..#########.#
.......###..........#............
#####..# #.####.......#########.#
#..# #.[........### #.#


You could see an adder.

Vanquished Creatures
  A leopard gecko (D:2)
  3 bats
  3 giant cockroaches
  4 hobgoblins
  A frilled lizard (D:2)
  6 goblins
  A kobold (D:2)
  6 rats
25 creatures vanquished.

Notes
Turn   | Place    | Note
-------+----------+-------------------------------------------
     0 | D:1      | Naow the Deep Elf Fire Elementalist began the quest for the Orb.
     0 | D:1      | Reached XP level 1. HP: 10/10 MP: 6/6
   639 | D:1      | Reached XP level 2. HP: 15/15 MP: 2/8
  1078 | D:2      | Learned a level 2 spell: Throw Flame
  1263 | D:2      | Succumbed to an adder's poison

Vault maps used:
D:1:      dpeg_arrival_orchard
D:2:      minmay_wonky_spiral, minivault_26

Action                   || total
-------------------------++-------
Melee: Unarmed           ||     1
       Dagger            ||    19
 Cast: Flame Tongue      ||    32
       Throw Flame       ||     8
  Eat: Chunk             ||     1
Armor: Robe              ||     3
Dodge: Dodged            ||    34
